 Dungeon Crawl Stone Soup version 0.28.0-53-g5a82cb258f (webtiles) character file.

Game seed: 13037481572052454417

340 nickcage the Cudgeller (level 6, -3/1 (44) HPs)
             Began as a Formicid Gladiator on June 21, 2022.
             Slain by an elf skeleton (4 damage)
             ... on level 4 of the Dungeon.
             The game lasted 00:09:41 (4073 turns).

nickcage the Cudgeller (Formicid Gladiator)         Turns: 4073, Time: 00:09:42

HP:   -3/1 (44)     AC:  9    Str: 20    XL:     6   Next: 86%
MP:   6/6           EV:  8    Int:  8    God:
Gold: 35            SH:  0    Dex: 18    Spells: 5/5 levels left

rFire   . . .      SeeInvis +   a - +0 flail
rCold   . . .      Faith    .   (no shield)
rNeg    . . .      Spirit   .   j - +1 chain mail
rPois   .          Reflect  .   (helmet unavailable)
rElec   .          Harm     .   (no cloak)
rCorr   .          Rampage  .   (no gloves)
Will    +....                   (no boots)
Stlth   ..........              (no amulet)
HPRegen 0.01/turn               f - ring of willpower
MPRegen 0.10/turn               o - +6 ring of dexterity

@: extremely drained
A: permanent stasis, dig shafts and tunnels, antennae 3, four strong arms
a: Dig, Shaft Self


You were on level 4 of the Dungeon.
You visited 1 branch of the dungeon, and saw 4 of its levels.

You collected 134 gold pieces.
You spent 99 gold pieces at shops.

Inventory:

Hand Weapons
 a - a +0 flail (weapon)
Missiles
 c - 3 throwing nets (quivered)
Armour
 b - a +0 leather armour
 j - a +1 chain mail (worn)
Jewellery
 f - a ring of willpower (left hand)
 o - a +6 ring of dexterity (right hand)
Wands
 n - a wand of paralysis (3)
Scrolls
 d - 2 scrolls of teleportation
 e - a scroll of identify
 h - 2 scrolls of enchant armour
Potions
 g - a potion of magic
 i - a potion of berserk rage {unknown}
 k - a potion of cancellation {unknown}
 l - a potion of might
 m - 4 potions of heal wounds


   Skills:
 - Level 2.1 Fighting
 + Level 7.2 Maces & Flails
 - Level 2.0 Throwing
 - Level 2.6 Dodging


You had 5 spell levels left.
You didn't know any spells.
Your spell library contained the following spells:

 Spells                   Type           Power      Damage    Failure   Level
 Sandblast                Erth           0%         2d4       99%         1
 Passwall                 Tmut/Erth      0%         N/A       100%        2
 Lesser Beckoning         Tloc           0%         N/A       100%        3
 Stone Arrow              Conj/Erth      0%         3d7       100%        3
 Manifold Assault         Tloc           0%         N/A       100%        5
 Blink                    Tloc           Unusable   N/A       N/A         2

Dungeon Overview and Level Annotations

Branches:
Dungeon (4/15)
 Temple: D:4-7

Altars:
Nemelex Xobeh
Okawaru

Shops:
D:3 !


Innate Abilities, Weirdness & Mutations

You cannot be hasted, slowed, berserked, paralysed or teleported.
You can dig through walls and to a lower floor.
You have a pair of large antennae on your head. (SInv)
Your four strong arms can wield two-handed weapons with a shield.


Message History

You dig through the rock wall.
You feel drained.
You dig through the rock wall.
You feel drained.
You hear the quick hiss of an avalanche of sand.
You dig through the rock wall.
You feel drained.
You dig through the rock wall.
You feel drained.
You dig through the rock wall.
You feel drained.
You dig through the rock wall.
You feel drained.
You dig through the rock wall.
You feel drained.
You dig through the rock wall.
You feel drained.
You dig through the rock wall.
You feel drained.
You dig through the rock wall.
You feel drained.
You dig through the rock wall.
You feel drained.
You dig through the rock wall.
You feel drained.
You dig through the rock wall.
You feel drained.
You dig through the rock wall.
You feel drained.
You dig through the rock wall.
You feel drained.
You dig through the rock wall.
You feel drained.
You retract your mandibles.
You open the door.
An orc zombie comes into view.
The orc zombie hits you but does no damage.
There is an open door here.
You sock the orc zombie!
You destroy the orc zombie!
You open the door.
There is an open door here.
You open the door. You open the door. You open the door.
An elf skeleton comes into view.
The elf skeleton hits you but does no damage.
There is an open door here.
You hit the elf skeleton.
The elf skeleton is lightly damaged.
The elf skeleton barely misses you.
You sock the elf skeleton!
The elf skeleton is moderately damaged.
The elf skeleton hits you.
Ouch! That really hurt!
You die...

............##.#'#.#..#.#
............##.#.#.#..#.#
######......##.#.#.##.#.#
#......##.#.#.##...#
#########...#.##...#
#.........##..>.<#
#.################ #.#
{#Z+ #.# #+#@### #.#
+...'.# #.# #...###
#.#{+...'.# #.#
#+#'########### #.#{
{#...'........
#.#########.#######
#...........#
#############


You could see an elf skeleton.

Vanquished Creatures
  A black bear (D:4)
  A phantom (D:3)
  A scorpion zombie (D:3)
  2 iguanas
  A hound skeleton (D:3)
  2 adders (D:2)
  4 dart slugs
  An orc (D:3)
  An endoplasm (D:1)
  3 giant cockroaches (D:1)
  5 hobgoblins
  7 jackals (D:1)
  3 quokkas
  5 ball pythons
  A ball python zombie (D:3)
  5 bats
  6 frilled lizards
  4 goblins
  11 kobolds
  An orc zombie (D:4)
  7 rats
72 creatures vanquished.

Vanquished Creatures (others)
  8 fungi (D:4)
8 creatures vanquished.

Grand Total: 80 creatures vanquished

Notes
Turn   | Place    | Note
-------+----------+-------------------------------------------
     0 | D:1      | nickcage the Formicid Gladiator began the quest for the
                  | Orb.
     0 | D:1      | Reached XP level 1. HP: 16/16 MP: 1/1
    81 | D:1      | Reached XP level 2. HP: 15/22 MP: 2/2
   226 | D:1      | Found a faded altar of an unknown god.
   908 | D:1      | Reached skill level 4 in Maces & Flails
   908 | D:1      | Reached XP level 3. HP: 27/27 MP: 3/3
  1626 | D:2      | Reached XP level 4. HP: 18/33 MP: 4/4
  2522 | D:3      | Reached skill level 5 in Maces & Flails
  2781 | D:3      | Reached XP level 5. HP: 35/38 MP: 5/5
  2855 | D:3      | Found an iron altar of Okawaru.
  3058 | D:3      | Found Uviono's Distillery.
  3101 | D:3      | Noticed a phantom
  3128 | D:3      | Killed a phantom
  3129 | D:3      | Reached skill level 6 in Maces & Flails
  3129 | D:3      | Reached XP level 6. HP: 33/44 MP: 6/6
  3222 | D:3      | Bought a potion of might for 44 gold pieces
  3222 | D:3      | Bought a potion of heal wounds for 55 gold pieces
  3396 | D:3      | Found a sparkling altar of Nemelex Xobeh.
  3781 | D:4      | Noticed a black bear
  3787 | D:4      | Killed a black bear
  3788 | D:4      | Reached skill level 7 in Maces & Flails
  4073 | D:4      | Slain by an elf skeleton

Illustrated notes

Levels and vault maps discovered:
D:1:      minmay_arrival_split_and_join, layout_loops_corners,
          chequers_ecumenical_altar_island, serial_glass, glass_columns_b,
          glass_columns_a, chequers_serial_rivers_room_a
D:2:      layout_loops_ring, serial_aquarium, aquarium_bridge_island_large
          [aquarium_subvault_large_4_pools, aquarium_subvault_bridge,
          aquarium_subvault_wall, aquarium_subvault_wall,
          aquarium_subvault_bridge], aquarium_window_fake, aquarium_window_1,
          aquarium_window_1, aquarium_window_corridor_1, aquarium_view_2d
D:3:      layout_basic, mainiacjoe_overflow_alcove_2,
          nemelex_spade_bored_becter, serial_shops, shop, serial_undead,
          serial_undead_f, serial_undead_e, serial_undead_e, serial_undead_b
D:4:      layout_basic, temple_hall, nicolae_ossuary_entry_catacombs,
          serial_aquarium, aquarium_bridge_long_joined
          [aquarium_subvault_balcony, aquarium_subvault_bridge,
          aquarium_subvault_bridge, aquarium_subvault_bridge,
          aquarium_subvault_wall, aquarium_subvault_wall],
          aquarium_bridge_square [aquarium_subvault_bridge,
          aquarium_subvault_window, aquarium_subvault_bridge,
          aquarium_subvault_wall], aquarium_window_corner, aquarium_window_1,
          aquarium_window_1, aquarium_view_2d

Skill      XL: |  1  2  3  4  5  6 |
---------------+-------------------+-----
Maces & Flails | 4 5 6 7 |  7.2
Fighting       | |  2.1
Throwing       | |  2.0
Dodging        | |  2.6

Action                   |  1- 3 |  4- 6 || total
-------------------------+-------+-------++-------
Melee: Flail             |    80 |   131 ||   211
Throw: Throwing net      |       |     1 ||     1
 Abil: Dig               |       |     2 ||     2
  Use: Scroll            |       |     8 ||     8
       Potion            |       |     1 ||     1
 Stab: Sleeping          |     1 |       ||     1
Armor: Leather armour    |    20 |     7 ||    27
       Chain mail        |       |    71 ||    71
Dodge: Dodged            |    60 |    51 ||   111
